 Dungeon Crawl Stone Soup version 0.32-a0-711-g016ad743e0 (webtiles) character file.

Game seed: 6282481897429893201

19 ragingrage the Charlatan (level 2, 0/19 HPs)
             Began as a Coglin Wanderer on Mar 15, 2024.
             Slain by a cerulean imp
             ... wielding a +1 spear
             ... summoned by Natasha
              (1 damage)
             ... on level 1 of the Dungeon.
             The game lasted 00:01:26 (1463 turns).

ragingrage the Charlatan (Coglin Wanderer)          Turns: 1463, Time: 00:01:27

Health: 0/19       AC:  2    Str: 12    XL:     2   Next: 75%
Magic:  1/3        EV: 10    Int: 13    God:
Gold:   68         SH:  0    Dex: 11    Spells: 2/3 levels left

rFire   . . .        a - +0 quarterstaff {Arnulf}
rCold   . . .        (shield currently unavailable)
rNeg    . . .        d - +0 robe
rPois   .            (no helmet)
rElec   .            (no cloak)
rCorr   .            (no gloves)
SInv    .            (no boots)
Will    .....        (amulet unavailable)
Stlth   ++           (ring unavailable)
HPRegen 0.23/turn    (ring unavailable)
MPRegen 0.08/turn    (no gizmo)

%: no passive effects
@: revving
A: off-hand wielding, slow wielding, warmup strikes, no jewellery
a: Invent Gizmo


You were on level 1 of the Dungeon.
You visited 1 branch of the dungeon, and saw 2 of its levels.

You collected 120 gold pieces.
You spent 52 gold pieces at shops.

Inventory:

Hand Weapons
 a - a +0 quarterstaff (weapon) {Arnulf}
 k - a +0 sling
Armour
 d - a +0 robe (worn)
 h - a +0 pair of boots
 j - a +0 pair of gloves
Wands
 b - a wand of polymorph (3)
Scrolls
 c - a scroll of blinking
 e - 2 scrolls of identify {unknown}
 f - a scroll of fog {unknown}
 g - a scroll of vulnerability {unknown}
 n - a scroll of immolation {unknown}
 o - a scroll of fear
 q - a scroll of butterflies {unknown}
Potions
 i - a potion of brilliance {unknown}
 l - 2 potions of curing {unknown}
 m - a potion of mutation {unknown}
 p - a potion of invisibility {unknown}
 r - a potion of haste {unknown}


   Skills:
 - Level 1.0 Staves
 - Level 1.0 Throwing
 + Level 1.5 Stealth
 - Level 1.0 Spellcasting
 + Level 1.0 Conjurations
 + Level 3.6 Alchemy
 - Level 4.0 Evocations


You had 2 spell levels left.
You knew the following spells:

 Your Spells              Type           Power      Damage    Failure   Level
a - Sting                 Conj/Alch      24%        1d4       11%         1

Your spell library contained the following spells:

 Spells                   Type           Power      Damage    Failure   Level
 Stone Arrow              Conj/Erth      2%         3d7       56%         3
 Leda's Liquefaction      Alch/Erth      2%         N/A       78%         4
 Petrify                  Alch/Erth      5%         N/A       78%         4
 Animate Armour           Summ/Erth      0%         N/A       95%         4
 Lehudib's Crystal Spear  Conj/Erth      0%         10d2      100%        8


Dungeon Overview and Level Annotations

Branches:
Dungeon (2/15)

Altars:

Shops:
D:2 =?([

Annotations:
D:1 Natasha


Innate Abilities, Weirdness & Mutations

You can wield a second weapon in your off-hand.
It takes a long time for you to wield or remove held weapons.
Your first few attacks do less damage.
You cannot equip rings or amulets.


Message History

An adder and a rat come into view.
The frilled lizard hisses angrily.
The rat squeaks loudly.
You hear a shout!
The sting misses the frilled lizard.
Natasha, Servant of Life and Death comes into view.
Natasha hisses angrily.
The frilled lizard barely misses you.
A kobold comes into view. It is wielding a +0 short sword.
The rat twitches its whiskers.
Natasha attacks as she pursues you! Natasha barely misses you.
Natasha claws you.
There is a stone staircase leading down here.
Natasha attacks as she pursues you! Natasha barely misses you.
Natasha attacks as she pursues you! Natasha claws you.
There is a stone staircase leading up here.
Natasha closely misses you.
You climb upwards.
There is a stone staircase leading down here.
Aiming: Sting (safe; 11% risk of failure)
Press: ? - help, Q - select action, (/) - cycle Shift-Dir - straight line, f - Natasha
Aim: Natasha (60% to hit)
The sting hits Natasha but does no damage.
Natasha is poisoned.
Natasha stares at you and mumbles some strange words.
You resist with significant effort.
Aiming: Sting (safe; 11% risk of failure)
Press: ? - help, Q - select action, (/) - cycle Shift-Dir - straight line, f/p - Natasha
Aim: Natasha (poisoned, 60% to hit)
The sting misses Natasha.
Natasha stares at you and mumbles some strange words.
The magic dart hits you!
You don't have enough magic to cast this spell.
Unknown command.
You thump Natasha!
Natasha casts a spell.
You barely miss Natasha. Natasha casts a spell at you. The magic dart hits you.
* * * LOW HITPOINT WARNING * * *
The cerulean imp hits you with a +1 spear.
You die...

### ### ### #.######.####.#
#.........†...#
#.###.##.####.############ #.#
#.##.#...............##### #.#
#.##.#.##.##########...... #.#
#.##.#.##.# #...... #.#
#.##.#.##h# ########.##### #.#
#.##.#.##@# #.....##.##### #.#
#.##.#.##5#####.#.........
####.###.##.#............##.#####
...............#.......#.##.#
.....###.##.#....##.##.#.##.#
.........##.#..#....##.#.##.#
.####..####.#..#>##.#....##.#####
....#..# #.#.....#....#.##......
.......####.#..#..###..#.##......


You could see Natasha (poisoned) and a cerulean imp (summoned).

Vanquished Creatures
  2 ball pythons (D:1)
  3 goblins
  4 hobgoblins (D:1)
  4 kobolds
  A quokka (D:1)
  2 frilled lizards (D:1)
  A rat (D:1)
17 creatures vanquished.

Notes
Turn   | Place    | Note
-------+----------+-------------------------------------------
     0 | D:1      | ragingrage the Coglin Wanderer began the quest for the Orb.
     0 | D:1      | ragingrage set off with the following items: a +0
                  | quarterstaff {Arnulf}, a wand of polymorph (3), a scroll of
                  | blinking, a +0 robe; and the following spell memorised:
                  | Sting; and the following spells available to memorise:
                  | Leda's Liquefaction, Petrify.
     0 | D:1      | Reached XP level 1. HP: 13/13 MP: 2/2
   317 | D:1      | Reached XP level 2. HP: 19/19 MP: 1/3
  1242 | D:2      | Found Ataubbeq's Magic Scroll Shop.
  1264 | D:2      | Reached skill level 1 in Conjurations
  1271 | D:2      | Bought a scroll of fear for 52 gold pieces
  1304 | D:2      | Found a faded altar of an unknown god.
  1336 | D:2      | Found Vummalof's Jewellery Shoppe.
  1383 | D:2      | Found Liewn's Weapon Emporium.
  1392 | D:2      | Found Nosh's Armour Shop.
  1453 | D:2      | Noticed Natasha
  1463 | D:1      | Slain by a cerulean imp

Illustrated notes

Levels and vault maps discovered:
D:1:      denvon_arrival_planthouse, layout_basic, glass_columns_c
D:2:      layout_basic, serial_shops, nicolae_shop_advertising_works
          [nicolae_subvault_shop_adworks], nicolae_shop_gaudy_bauble, shop,
          nicolae_shop_bloodbath_and_beyond, basic_altar,
          shapermc_ecumenical_altar_flowoftime, uniq_crazy_yiuf_cottage,
          uniq_robin, uniq_natasha

Skill      XL: |  1  2 |
---------------+-------+-----
Conjurations   | 1 |  1.0
Staves         | |  1.0
Throwing       | |  1.0
Stealth        | |  1.5
Spellcasting   | |  1.0
Alchemy        | |  3.6
Evocations     | |  4.0

Action                     || total
---------------------------++-------
  Melee: Quarterstaff      ||    25
   Cast: Sting             ||    29
 Armour: Robe              ||    17
  Dodge: Dodged            ||    14

Table legend: (Time is in decaauts)
 A = Elapsed time spent in this place.
 B = Non-inter-level travel time spent in this place.
 C = Inter-level travel time spent in this place.
 D = Time resting spent in this place.
 E = Time spent auto-exploring this place.
 F = Levels seen in this place.
 G = Mean time per level.
                   A        B        C        D        E       F      G
               +--------+--------+--------+--------+--------+-----+--------+
         Total |   1469 |   1426 |     43 |     94 |   1147 |   2 |  734.5 |
       Dungeon |   1469 |   1426 |     43 |     94 |   1147 |   2 |  734.5 |
               +--------+--------+--------+--------+--------+-----+--------+

Top non-repeatable levels by time:
     D:1: 1207 daAuts
     D:2: 262 daAuts
